 Dungeon Sprint DCSS version 0.21.0-26-g889b8f6 (webtiles) character file.

69911 wojtek the Executioner (level 13, -13/207 HPs)
             Began as a Minotaur Berserker on Jan 27, 2018.
             Was the Champion of Trog.
             Mangled by a green draconian knight
             ... wielding a +0 great sword
              (15 damage)
             ... in the Dungeon (Sprint III: "The Ten Rune Challenge").
             The game lasted 00:21:36 (8914 turns).

wojtek the Executioner (Minotaur Berserker)         Turns: 8914, Time: 00:21:37

Health: -13/207    AC: 25    Str: 33    XL:     13   Next: 82%
Magic:  7/7        EV: 17    Int:  8    God:    Trog [******]
Gold:   1799       SH:  0    Dex:  9    Spells: 12/12 levels left

rFire    + . .     SeeInvis .   y - +6 executioner's axe (antimagic)
rCold    + . .     Gourm    .   (shield currently unavailable)
rNeg     . . .     Faith    .   C - +1 chain mail of the End {MP+9} (curse)
rPois    .         Spirit   .   M - +2 hat
rElec    .         Reflect  .   B - +2 cloak
rCorr    .         Harm     .   N - +1 pair of gloves of Shielding {Slay+3}
MR       .....     NoTele   +   d - -1 pair of boots "Daocis" {rF+ Int+4} (curse)
Stlth    ..........             (no amulet)
HPRegen  0.44/turn              J - ring of protection from cold
MPRegen  0.10/turn              (no ring)

@: berserking (expiring), very quick
A: retaliatory headbutt, horns 2
}: 2/10 runes: serpentine, barnacled
a: Berserk, Trog's Hand, Brothers in Arms, Burn Spellbooks, Renounce Religion


You were in the Dungeon.
You worshipped Trog.
Trog was exalted by your worship.
You were not hungry.

You visited 1 branch You collected 3778 gold pieces.
You spent 1979 gold pieces at shops.

Inventory:

Hand Weapons
 s - a +3 battleaxe of chopping
 t - a +6 vampiric battleaxe
 u - a +6 antimagic battleaxe
 w - a +2 antimagic battleaxe
 y - a +6 antimagic executioner's axe (weapon)
 A - a +3 antimagic battleaxe
 F - a +2 antimagic battleaxe
Missiles
 a - a poisoned javelin (quivered)
Armour
 d - the cursed -1 pair of boots "Daocis" (worn) {rF+ Int+4}
   (You bought it in a shop in the Dungeon)

   It affects your intelligence (+4).
   It protects you from fire.
   It has a curse placed upon it.
 r - a +0 pair of boots of stealth
 B - a +2 cloak (worn)
 C - the cursed +1 chain mail of the End (worn) {MP+9}
   (You bought it in a shop in the Dungeon)

   It affects your magic capacity (+9).
   It has a curse placed upon it.
 D - the +4 scale mail of Repulsion {rC+ Int+6, unknown}
   (You bought it in a shop in the Dungeon)

   It affects your intelligence (+6).
   It protects you from cold.
 M - a +2 hat (worn)
 N - the +1 pair of gloves of Shielding (worn) {Slay+3}
   (You bought it in a shop in the Dungeon)

   It affects your accuracy and damage with ranged weapons and melee attacks
   (+3).
Jewellery
 z - an uncursed ring of ice
 J - a ring of protection from cold (left hand)
Wands
 b - a wand of iceblast (4)
Scrolls
 i - a scroll of blinking
 l - 2 scrolls of holy word {unknown}
 m - 4 scrolls of identify
 n - 3 scrolls of remove curse
 p - a scroll of magic mapping {unknown}
 E - a scroll of amnesia {unknown}
Potions
 e - a potion of heal wounds
 f - 2 potions of haste
 g - 2 potions of magic
 h - 3 potions of berserk rage
 k - 6 potions of mutation
 o - a potion of brilliance {unknown}
 q - a potion of lignification {unknown}
 x - a potion of curing
 G - a potion of agility {unknown}
 H - a potion of flight {unknown}
 I - 3 potions of ambrosia {unknown}
Miscellaneous
 j - a sack of spiders
Comestibles
 c - 14 rations


   Skills:
 + Level 19.5 Fighting
 * Level 25.6 Axes
 + Level 19.4 Armour
 + Level 18.0 Dodging


You had 12 spell levels left.
You didn't know any spells.

Dungeon Overview and Level Annotations

Branches:
Dungeon (1/1)

Altars:
Cheibriados
Dithmenos
Elyvilon
Fedhas
Gozag
Hepliaklqana
Kikubaaqudgha
Makhleb
Nemelex Xobeh
Okawaru
Qazlal
Ru
Sif Muna
Trog
Uskayaw
Vehumet
Wu Jian
Xom
Yredelemnul
Zin
The Shining One
Beogh
Jiyva
Lugonu

Shops:
D [%=![:%[%[%[[:([}:[}=%?!


Innate Abilities, Weirdness & Mutations

You reflexively headbutt those who attack you in melee.
You have a pair of horns on your head.


Message History

Something tail-slaps you but does no damage.
Something hits you but does no damage.
You are too berserk!
You carve the yellow draconian knight like a ham!!!
You kill the yellow draconian knight!
Trog accepts your kill.
Trog appreciates your killing of a magic user.
Something appears at your feet! Trog grants you a weapon!
Your Dodging skill increases to level 18!
You slice something!! x2
You barely miss something. You headbutt something. You slash something!
Something hits you but does no damage. x2
Something tail-slaps you but does no damage.
Unknown command.
You closely miss something. You slash something!
Unknown command.
You chop something into pieces!!! You hit something but do no damage.
Something hits you!
You die...

#.[# +..+ ###..#
##∩#..# ########
#..#..####+##
#......#+#'##..#.#.#.#
#......#.'..'..'#.#†#†
#....{)#.####..#.#.#.#
#...{@.'.# #######▓▓▓
#....).### #.###..# #
#^#..+ ###..# ...#
#####


There were no monsters in sight!

Vanquished Creatures
  Rupert (D)
  Gastronok (D)
  Polyphemus (D)
  Dowan (D)
  Ilsuiw (D)
  A nagaraja (D)
  A draconian knight (D)
  2 dire elephants (D)
  A merfolk javelineer (D)
  Snorg (D)
  A naga warrior (D)
  2 hydras (D)
  5 anacondas (D)
  A centaur warrior (D)
  4 death yaks (D)
  Urug (D)
  A sea snake (D)
  An unseen horror (D)
  A spriggan druid (D)
  An orange crystal statue (D)
  A lindwurm (D)
  2 oklob plants (D)
  3 crystal guardians (D)
  A deep elf mage (D)
  A stone giant skeleton (D)
  2 elephants (D)
  6 black mambas (D)
  A guardian serpent (D)
  An iron troll simulacrum (D)
  4 statues (D)
  2 spiny frogs (D)
  Duvessa (D)
  A komodo dragon (D)
  A rime drake (D)
  A queen bee (D)
  2 tyrant leeches (D)
  3 hornets (D)
  8 blink frogs (D)
  3 dream sheep (D)
  3 wandering mushrooms (D)
  2 spriggans (D)
  A shadow (D)
  3 redbacks (D)
  A spatial vortex (D)
  2 nagas (D)
  2 water moccasins (D)
  A swamp drake (D)
  A hydra simulacrum (D)
  A necrophage (D)
  A black mamba simulacrum (D)
  2 centaurs (D)
  An earth elemental (D)
  A water elemental (D)
  29 killer bees (D)
  An electric eel (D)
  A wizard (D)
  2 orc priests (D)
  A jelly (D)
  An orc wizard (D)
  Jessica (D)
  A necromancer (D)
  A polar bear simulacrum (D)
  2 wolf simulacra (D)
  3 humans (D)
  A kobold demonologist (D)
  A wolf (D)
  An adder (D)
  An ooze (D)
  8 orcs (D)
  A rat (D)
151 creatures vanquished.

Vanquished Creatures (collateral kills)
  A death drake (D)
  A crystal guardian (D)
  An orc warrior (D)
  3 killer bees (D)
  2 orc wizards (D)
  4 orcs (D)
  A goblin (D)
13 creatures vanquished.

Vanquished Creatures (others)
  2 draconian scorchers (D)
  2 deep elf knights (D)
  6 hellions (D)
  3 yaktaurs (D)
  An orc high priest (D)
  An orc priest (D)
  An orc wizard (D)
  12 plants (D)
28 creatures vanquished.

Grand Total: 192 creatures vanquished

Notes
Turn   | Place    | Note
-------+----------+-------------------------------------------
     0 | D        | wojtek the Minotaur Berserker began the quest for the Orb.
     0 | D        | Reached XP level 1. HP: 19/19 MP: 0/0
     8 | D        | Reached skill level 4 in Axes
    50 | D        | Killed a hellion
    78 | D        | Noticed Jessica
    82 | D        | Killed Jessica
    82 | D        | Reached ** piety under Trog
    82 | D        | Reached skill level 5 in Axes
    82 | D        | Reached XP level 2. HP: 26/28 MP: 1/1
    82 | D        | Reached XP level 3. HP: 33/35 MP: 2/2
   100 | D        | Killed a hellion
   100 | D        | Killed a hellion
   101 | D        | Killed a hellion
   122 | D        | Reached skill level 5 in Fighting
   122 | D        | Reached skill level 6 in Axes
   129 | D        | Killed a yaktaur
   137 | D        | Killed a hellion
   172 | D        | Noticed a water elemental
   173 | D        | Killed a hellion
   174 | D        | Killed a white draconian scorcher
   176 | D        | Killed a water elemental
   176 | D        | Reached *** piety under Trog
   176 | D        | Reached skill level 8 in Axes
   176 | D        | Reached skill level 5 in Armour
   176 | D        | Reached skill level 5 in Dodging
   176 | D        | Reached XP level 4. HP: 40/44 MP: 3/3
   177 | D        | Killed a white draconian scorcher
   281 | D        | Found a radiant altar of Vehumet.
   282 | D        | Found a deep blue altar of Sif Muna.
   282 | D        | Found an ancient bone altar of Kikubaaqudgha.
   282 | D        | Noticed a wizard
   284 | D        | Killed a wizard
   284 | D        | Reached XP level 5. HP: 51/51 MP: 4/4
   345 | D        | Found a glowing silver altar of Zin.
   346 | D        | Found a glowing golden altar of the Shining One.
   346 | D        | Found a white marble altar of Elyvilon.
   346 | D        | Noticed a deep elf mage
   352 | D        | Reached **** piety under Trog
   356 | D        | Killed a deep elf mage
   356 | D        | Reached skill level 11 in Axes
   356 | D        | Reached XP level 6. HP: 57/62 MP: 5/5
   356 | D        | Reached XP level 7. HP: 63/69 MP: 6/6
   382 | D        | Found a hide-covered altar of Uskayaw.
   382 | D        | Found an iron altar of Okawaru.
   383 | D        | Found a roughly hewn altar of Beogh.
   383 | D        | Found a bloodstained altar of Trog.
   383 | D        | Found an ornate altar of the Wu Jian Council.
   383 | D        | Noticed a human
   383 | D        | Noticed a human
   386 | D        | Reached ***** piety under Trog
   388 | D        | Killed a human
   388 | D        | Reached skill level 12 in Axes
   392 | D        | Killed a human
   413 | D        | Found a shadowy altar of Dithmenos.
   419 | D        | Reached skill level 13 in Axes
   420 | D        | Found a basalt altar of Yredelemnul.
   420 | D        | Found a sacrificial altar of Ru.
   436 | D        | Noticed a shadow
   445 | D        | Reached skill level 10 in Fighting
   455 | D        | Killed a shadow
   455 | D        | Received a gift from Trog
   455 | D        | Reached XP level 8. HP: 13/79 MP: 7/7
   755 | D        | Found a blossoming altar of Fedhas.
   755 | D        | Found a stormy altar of Qazlal.
   756 | D        | Found a snail-covered altar of Cheibriados.
   756 | D        | Found a burning altar of Makhleb.
   756 | D        | Found a hazy altar of Hepliaklqana.
   756 | D        | Found a shimmering altar of Xom.
   756 | D        | Found an opulent altar of Gozag.
   756 | D        | Found a sparkling altar of Nemelex Xobeh.
   756 | D        | Found a corrupted altar of Lugonu.
   756 | D        | Found a viscous altar of Jiyva.
   769 | D        | Reached skill level 10 in Armour
   827 | D        | Noticed Snorg
   839 | D        | Killed Snorg
   839 | D        | Reached ****** piety under Trog
   839 | D        | Reached skill level 15 in Axes
   839 | D        | Reached skill level 10 in Dodging
   839 | D        | Reached XP level 9. HP: 89/89 MP: 8/8
   871 | D        | Killed a yaktaur
   936 | D        | Received a gift from Trog
  1068 | D        | Found Naodah's Distillery.
  1085 | D        | Received a gift from Trog
  1099 | D        | Received a gift from Trog
  1423 | D        | Noticed a centaur warrior
  1427 | D        | Received a gift from Trog
  1428 | D        | Killed a centaur warrior
  1428 | D        | Reached skill level 16 in Axes
  1686 | D        | Killed an unseen horror
  1850 | D        | Noticed a queen bee
  1864 | D        | Received a gift from Trog
  1871 | D        | Reached XP level 10. HP: 50/100 MP: 3/9
  1873 | D        | Reached skill level 17 in Axes
  1876 | D        | Received a gift from Trog
  1894 | D        | Received a gift from Trog
  1921 | D        | Received a gift from Trog
  2250 | D        | Received a gift from Trog
  2471 | D        | Received a gift from Trog
  2471 | D        | Reached skill level 18 in Axes
  2538 | D        | Noticed a spiny frog
  2538 | D        | Noticed a spiny frog
  2542 | D        | Killed a spiny frog
  2544 | D        | Killed a spiny frog
  2747 | D        | Received a gift from Trog
  3109 | D        | Reached skill level 19 in Axes
  3109 | D        | Reached XP level 11. HP: 105/110 MP: 3/10
  3148 | D        | Noticed Rupert
  3156 | D        | Killed Rupert
  3335 | D        | Noticed a dire elephant
  3346 | D        | Noticed a dire elephant
  3359 | D        | Killed a dire elephant
  3359 | D        | Received a gift from Trog
  3359 | D        | Reached skill level 15 in Fighting
  3486 | D        | Killed a dire elephant
  3486 | D        | Reached skill level 20 in Axes
  3486 | D        | Reached skill level 15 in Armour
  3639 | D        | Noticed Gastronok
  3664 | D        | Killed Gastronok
  3703 | D        | Noticed an azure jelly
  3703 | D        | Noticed an azure jelly
  3703 | D        | Noticed an azure jelly
  3705 | D        | Noticed an azure jelly
  3818 | D        | Noticed a death yak
  3819 | D        | Noticed a death yak
  3885 | D        | Received a gift from Trog
  3970 | D        | Reached skill level 21 in Axes
  3972 | D        | Noticed a death yak
  3974 | D        | Noticed a death yak
  3979 | D        | Killed a death yak
  3987 | D        | Killed a death yak
  3987 | D        | Reached XP level 12. HP: 91/122 MP: 11/11
  3993 | D        | Killed a death yak
  3997 | D        | Killed a death yak
  3997 | D        | Received a gift from Trog
  3997 | D        | Reached skill level 15 in Dodging
  4216 | D        | Noticed an anaconda
  4218 | D        | Killed an anaconda
  4223 | D        | Reached skill level 22 in Axes
  4307 | D        | Noticed an anaconda
  4316 | D        | Killed an anaconda
  4644 | D        | Noticed an anaconda
  4644 | D        | Noticed an anaconda
  4644 | D        | Noticed an anaconda
  4647 | D        | Killed an anaconda
  4649 | D        | Killed an anaconda
  4652 | D        | Killed an anaconda
  4658 | D        | Received a gift from Trog
  4849 | D        | Noticed a naga warrior
  4849 | D        | Noticed a nagaraja
  4868 | D        | Killed a nagaraja
  4876 | D        | Killed a naga warrior
  4876 | D        | Reached skill level 23 in Axes
  5120 | D        | Found Ulyqifory's Antique Armour Boutique.
  5120 | D        | Found Koghoyt's Food Emporium.
  5237 | D        | Found Begre's Jewellery Shop.
  5255 | D        | Received a gift from Trog
  5261 | D        | Got a serpentine rune of Zot
  5779 | D        | Noticed Urug
  5784 | D        | Killed Urug
  5901 | D        | Noticed an eight-headed hydra
  5901 | D        | Noticed a seven-headed hydra
  5910 | D        | Killed an 11-headed hydra
  5910 | D        | Reached XP level 13. HP: 134/134 MP: 4/12
  5919 | D        | Received a gift from Trog
  6822 | D        | Found a blossoming altar of Fedhas.
  6861 | D        | Noticed Polyphemus
  6871 | D        | Killed Polyphemus
  6871 | D        | Received a gift from Trog
  6873 | D        | Reached skill level 24 in Axes
  6939 | D        | Noticed Ilsuiw
  6978 | D        | Killed Ilsuiw
  7094 | D        | Found Ygum's Book Emporium.
  7192 | D        | Found Besurash's Food Shop.
  7193 | D        | Found Susicw Muth's Antique Armour Shoppe.
  7194 | D        | Noticed a merfolk javelineer
  7215 | D        | Killed a merfolk javelineer
  7251 | D        | Bought a runed cloak for 172 gold pieces
  7251 | D        | Bought a dazzling chain mail for 218 gold pieces
  7266 | D        | Identified the cursed +1 chain mail of the End {MP+9} (You bought it in a shop in the Dungeon)
  7277 | D        | Got a barnacled rune of Zot
  7290 | D        | Bought a dazzling scale mail for 207 gold pieces
  7425 | D        | Bought an uncursed ring of ice for 300 gold pieces
  7563 | D        | Received a gift from Trog
  7879 | D        | Noticed Dowan
  7879 | D        | Noticed Duvessa
  7883 | D        | Killed Dowan
  7883 | D        | Received a gift from Trog
  7893 | D        | Killed Duvessa
  8469 | D        | Found Ungoixun's Book Emporium.
  8469 | D        | Found Ypitrau's Gadget Shop.
  8469 | D        | Found Wydwobbe's Antique Armour Boutique.
  8469 | D        | Found Pouptyh's Distillery.
  8469 | D        | Found Onnie's Gadget Boutique.
  8469 | D        | Found Quxkoj's Armour Emporium.
  8469 | D        | Found Esead's Antique Weapon Shoppe.
  8469 | D        | Found Mefrialu's Magic Scroll Shop.
  8469 | D        | Found Bisiph's Book Shop.
  8469 | D        | Found Vainymam's Food Emporium.
  8469 | D        | Found Eveocw's Armour Emporium.
  8469 | D        | Found Luguann's Jewellery Boutique.
  8504 | D        | Bought a pair of steaming boots for 218 gold pieces
  8509 | D        | Identified the cursed -1 pair of boots "Daocis" {rF+ Int+4} (You bought it in a shop in the Dungeon)
  8509 | D        | Bought a pair of runed gloves for 172 gold pieces
  8509 | D        | Bought a runed hat for 161 gold pieces
  8535 | D        | Bought a pair of runed boots for 172 gold pieces
  8541 | D        | Bought a scroll of remove curse for 39 gold pieces
  8565 | D        | Reached skill level 25 in Axes
  8569 | D        | Received a gift from Trog
  8639 | D        | Found Fintu's Food Emporium.
  8639 | D        | Found Opir's Food Shop.
  8639 | D        | Found Ahus's Armour Shop.
  8639 | D        | Found Boonlure's Armour Shoppe.
  8651 | D        | Bought the +1 pair of gloves of Shielding {Slay+3} for 320 gold pieces
  8870 | D        | Found Coosych's Armour Boutique.
  8895 | D        | Noticed a yellow draconian knight
  8895 | D        | Noticed a white draconian knight
  8895 | D        | Noticed a green draconian knight
  8910 | D        | HP: 1/207 [something (16)]
  8911 | D        | Killed a yellow draconian knight
  8911 | D        | Received a gift from Trog
  8914 | D        | Mangled by a green draconian knight

Skill      XL: |  1  2  3  4  5  6  7  8  9 10 11 12 13 |
---------------+----------------------------------------+-----
Fighting       | 4 6 8 10 11 12 14 16 17 19 | 19.5
Axes           | 5 8 11 13 15 16 19 21 23 25 | 25.6
Armour         | 4 5 8 9 11 12 14 15 17 19 | 19.4
Dodging        | 3 5 7 9 10 11 13 14 16 18 | 18.0

Action                   |  1- 3 |  4- 6 |  7- 9 | 10-12 | 13-15 || total
-------------------------+-------+-------+-------+-------+-------++-------
Melee: Hand axe          |    24 |     9 |    65 |       |       ||    98
       Headbutt          |     7 |     1 |    26 |    45 |    32 ||   111
       Executioner's axe |       |       |    39 |   160 |   125 ||   324
       Battleaxe         |       |       |    11 |    67 |       ||    78
Invok: Berserk           |     1 |     1 |     1 |     8 |     2 ||    13
       Burn Spellbooks   |       |     1 |     1 |       |       ||     2
       Brothers in Arms  |       |       |     1 |     2 |     6 ||     9
  Use: Potion            |       |       |       |       |     2 ||     2
  Eat: Chunk             |       |       |     6 |    14 |     5 ||    25
       Ration            |       |       |       |     2 |     3 ||     5
Armor: Animal skin       |     3 |       |       |       |       ||     3
       Ring mail         |       |       |     6 |       |       ||     6
       Chain mail        |       |       |    38 |    64 |    65 ||   167
Dodge: Dodged            |    11 |     1 |    68 |   150 |    79 ||   309
